cohdb
Replays
Latest Replays
All Replays
Popular Replays
Top Player Replays
Match Explorer
How It Works
Community
CoH3 Stats
Reddit
Sign in to upload your games and track your stats! →
Sign in with Steam
Match 40696880
Unlisted
Match 40696880
Overview
Messages
Build Orders
End
Panzergrenadier Squad
Selects Panzerjäger Kommand Battlegroup
Selects Mine Fields
250 Light Carrier
Panzergrenadier Squad
Construct Light Support Kompanie
2.5-tonne Medical Truck
Combat Half-tracks
Fire Support Elements
le.IG 18 Mechanized Group
Construct Mechanized Kompanie
Selects Tank Busters
Selects Crew Shock Tactics
Marder III Tank Destroyer
StuG III D Assault Gun
Flakvierling Half-track
Vehicle Survival Package
Tungsten Core Ammunition
Construct Panzerarmee Kommand
Panzer III L Medium Tank
Panzerjäger Squad
Veteran Squad Leaders
Walking Stuka Rocket Launcher
Emergency Repair Kits
Treno Ghepardo Super Veloce
Gatom
Goodbye Brother
Jockel die Ente
Wonder
Specialist
0
0
Comments
sign in to comment!
No comments posted yet!